 Dungeon Crawl Stone Soup version 0.29-a0-350-g7790a0e70a (webtiles) character file.

Game seed: 5324380983710651738

86 Iusername the Covered (level 4, -2/40 HPs)
             Began as a Minotaur Fighter on Apr 22, 2022.
             Killed from afar by Ijyb (6 damage)
             ... with a puff of flame
             ... on level 3 of the Dungeon.
             The game lasted 00:02:46 (1022 turns).

Iusername the Covered (Minotaur Fighter)            Turns: 1022, Time: 00:02:46

Health: -2/40      AC:  7    Str: 22    XL:     4   Next: 26%
Magic:  3/3        EV:  9    Int:  5    God:
Gold:   105        SH:  4    Dex: 10    Spells: 3/3 levels left

rFire   . . .      SeeInvis .   a - +0 war axe
rCold   + . .      Faith    .   c - +0 buckler
rNeg    . . .      Spirit   .   b - +0 scale mail
rPois   .          Reflect  .   (helmet restricted)
rElec   .          Harm     .   p - scarf {repulsion}
rCorr   .          Rampage  .   (no gloves)
Will    .....                   (no boots)
Stlth   ..........              (no amulet)
HPRegen 0.13/turn               m - ring of protection from cold
MPRegen 0.08/turn               (no ring)

@: repel missiles
A: horns 2, retaliatory headbutt
a: no special abilities


You were on level 3 of the Dungeon.
You visited 1 branch of the dungeon, and saw 3 of its levels.

You collected 105 gold pieces.

Inventory:

Hand Weapons
 a - a +0 war axe (weapon)
Armour
 b - a +0 scale mail (worn)
 c - a +0 buckler (worn)
 p - a scarf of repulsion (worn)
Jewellery
 m - a ring of protection from cold (left hand)
Scrolls
 e - 2 scrolls of identify {unknown}
 f - 2 scrolls of enchant weapon {unknown}
 g - a scroll of immolation {unknown}
 i - a scroll of acquirement {unknown}
 l - a scroll of enchant armour {unknown}
 o - a scroll of fog {unknown}
Potions
 d - 2 potions of attraction {unknown}
 h - a potion of invisibility {unknown}
 j - a potion of mutation {unknown}
 k - 2 potions of curing {unknown}
 n - a potion of haste {unknown}
 q - a potion of magic {unknown}


   Skills:
 + Level 4.2 Fighting
 + Level 3.5 Axes
 + Level 4.4 Armour
 + Level 0.9 Dodging
 + Level 4.2 Shields


You had 3 spell levels left.
You didn't know any spells.
Your spell library was empty.

Dungeon Overview and Level Annotations

Branches:
Dungeon (3/15)

Altars:
Hepliaklqana
Uskayaw
Wu Jian

Annotations:
D:3 Ijyb


Innate Abilities, Weirdness & Mutations

You have a pair of horns on your head.
You reflexively headbutt those who attack you in melee.


Message History

Ijyb shouts!
Ijyb zaps a wand.
The puff of flame hits you!
Ijyb zaps a wand.
The puff of flame hits you.
Ijyb zaps a wand.
The puff of flame hits you!
You are too injured to fight recklessly!
You are too injured to fight recklessly!
You are too injured to fight recklessly!
You are too injured to fight recklessly!
You are too injured to fight recklessly!
You are too injured to fight recklessly!
You are too injured to fight recklessly!
You are too injured to fight recklessly!
You are too injured to fight recklessly!
You are too injured to fight recklessly!
You are too injured to fight recklessly!
You are too injured to fight recklessly!
You are too injured to fight recklessly!
You are too injured to fight recklessly!
You are too injured to fight recklessly!
You are too injured to fight recklessly!
You are too injured to fight recklessly!
You are too injured to fight recklessly!
You are too injured to fight recklessly!
Unknown command.
You are too injured to fight recklessly!
You barely miss Ijyb. You block Ijyb's attack.
You hit Ijyb. You headbutt Ijyb.
Ijyb is moderately wounded.
Ijyb zaps a wand.
The puff of flame hits you. You block Ijyb's attack.
You barely miss Ijyb. You headbutt Ijyb.
Ijyb is heavily wounded.
Ijyb zaps a wand.
The puff of flame misses you.
You closely miss Ijyb.
Ijyb is heavily wounded.
Ijyb zaps a wand.
The puff of flame hits you!
* * * LOW HITPOINT WARNING * * *
You miss Ijyb.
Ijyb is heavily wounded.
You block Ijyb's attack.
Ijyb zaps a wand.
The puff of flame hits you.
You die...

..###..#
..#...#
...#.##
#.....#
#.....#
#.....#
#.##
#...g.#
#...
#...@.#
####
####.....#
###
.........#
.. #..
#####....#
....###.#
##...#
.........
#...#
....###.#
###...# .
#.#
#.....#
#######.#
#.....#
.........


You could see Ijyb.

Vanquished Creatures
  A hound (D:2)
  3 adders
  A white imp (D:3)
  2 dart slugs
  3 ball pythons
  4 goblins
  3 hobgoblins
  2 bats
  A kobold (D:2)
  2 rats
22 creatures vanquished.

Notes
Turn   | Place    | Note
-------+----------+-------------------------------------------
     0 | D:1      | Iusername the Minotaur Fighter began the quest for the Orb.
     0 | D:1      | Reached XP level 1. HP: 19/19 MP: 0/0
   172 | D:1      | You fall into a shaft and drop 1 floor!
   188 | D:2      | Noticed a hound
   193 | D:2      | Killed a hound
   194 | D:2      | Reached XP level 2. HP: 27/27 MP: 1/1
   194 | D:2      | Reached XP level 3. HP: 33/33 MP: 2/2
   436 | D:2      | Found a hazy altar of Hepliaklqana.
   833 | D:3      | Reached XP level 4. HP: 40/40 MP: 3/3
   834 | D:3      | Found an ornate altar of the Wu Jian Council.
   974 | D:3      | Found a hide-covered altar of Uskayaw.
  1013 | D:3      | Noticed Ijyb
  1022 | D:3      | Killed from afar by Ijyb

Illustrated notes

Levels and vault maps discovered:
D:1:      mrwooster_arrival_statue_2, layout_basic,
          hellmonk_ecumenical_altar_prayer_group
D:2:      layout_rooms, basic_altar
D:3:      layout_basic, zin_statuary, lemuel_crystal_altar,
          nzn_wu_jian_council_hall, minmay_misc_feat_more_columns, uniq_ijyb

Skill      XL: |  1 |
---------------+----+-----
Fighting       | 4 |  4.2
Axes           | 3 |  3.5
Armour         | 4 |  4.4
Shields        | 4 |  4.2
Dodging        | |  0.9

Action                   |  1- 3 |  4- 6 || total
-------------------------+-------+-------++-------
Melee: War axe           |    38 |    19 ||    57
       Headbutt          |     1 |     3 ||     4
  Use: Potion            |     1 |       ||     1
Armor: Scale mail        |    26 |     7 ||    33
Dodge: Dodged            |    14 |     9 ||    23
       Repelled          |       |     1 ||     1
Block: Buckler           |    10 |     6 ||    16

Table legend: (Time is in decaauts)
 A = Elapsed time spent in this place.
 B = Non-inter-level travel time spent in this place.
 C = Inter-level travel time spent in this place.
 D = Time resting spent in this place.
 E = Time spent auto-exploring this place.
 F = Levels seen in this place.
 G = Mean time per level.
                   A        B        C        D        E       F      G
               +--------+--------+--------+--------+--------+-----+--------+
         Total |   1043 |   1008 |     35 |      0 |    802 |   3 |  347.7 |
       Dungeon |   1043 |   1008 |     35 |      0 |    802 |   3 |  347.7 |
               +--------+--------+--------+--------+--------+-----+--------+

Top non-repeatable levels by time:
     D:2: 553 daAuts
     D:3: 311 daAuts
     D:1: 177 daAuts
